 Dungeon Crawl Stone Soup version 0.20-a0-809-gaf7f668 (webtiles) character file.

8150 polly the Slicer (level 11, -1/94 HPs)
             Began as a Red Draconian Gladiator on Mar 3, 2017.
             Was a High Priest of Okawaru.
             Killed by divine providence
             ... invoked by an orc priest
              (12 damage)
             ... on level 10 of the Dungeon.
             The game lasted 00:16:59 (10602 turns).

polly the Slicer (Red Draconian Gladiator)         Turns: 10602, Time: 00:17:00

Health: -1/94      AC: 13    Str: 16    XL:     11   Next: 6%
Magic:  11/11      EV: 13    Int: 11    God:    Okawaru [*****.]
Gold:   93         SH:  9    Dex: 12    Spells: 10/10 levels left

rFire    + + +     SeeInvis .   P - +4 whip (elec)
rCold    + . .     Gourm    .   (armour unavailable)
rNeg     . . .     Faith    .   Q - +1 shield {rC+ rF+}
rPois    .         Spirit   .   b - +0 hat
rElec    .         Reflect  .   w - +0 cloak
rCorr    .         Harm     .   k - +0 pair of gloves
MR       .....                  D - +2 pair of boots {Stlth+}
Stlth    ++++......             (no amulet)
Regen    0.3/turn               O - ring of wizardry
MPRegen  0.2/turn               q - ring of protection from fire

@: no status effects
A: breathe fire, unfitting armour, stinger 1, fire resistance 1, shaggy fur 1,
weak 1, cold-blooded, AC +7
a: Breathe Fire, Heroism, Finesse, Renounce Religion


You were on level 10 of the Dungeon.
You worshipped Okawaru.
Okawaru was extremely pleased with you.
You were not hungry.

You visited 1 branch of the dungeon, and saw 10 of its levels.

You collected 490 gold pieces.
You spent 397 gold pieces at shops.

Inventory:

Hand Weapons
 P - a +4 whip of electrocution (weapon)
Missiles
 j - 2 javelins of returning (quivered)
Armour
 b - a +0 hat (worn)
 k - a +0 pair of gloves (worn)
 w - a +0 cloak (worn)
 D - a +2 pair of boots of stealth (worn)
 Q - a +1 shield of resistance (worn)
Jewellery
 f - an uncursed ring of fire {unknown}
 q - a ring of protection from fire (left hand)
 x - an uncursed ring of protection from magic {unknown}
 O - a ring of wizardry (right hand)
Wands
 c - a wand of polymorph (12/24)
 l - a wand of iceblast (6/15)
 N - a wand of lightning (5/15)
Scrolls
 e - 5 scrolls of recharging
 i - 9 scrolls of remove curse
 m - 5 scrolls of teleportation
 u - a scroll of blinking
 y - 3 scrolls of magic mapping
 z - 2 scrolls of immolation
 A - 3 scrolls of fog
 E - a scroll of amnesia
 F - a scroll of fear
 J - a scroll of vulnerability {unknown}
Potions
 a - a potion of brilliance {unknown}
 g - a potion of flight {unknown}
 o - a potion of lignification {unknown}
 p - a potion of curing
 r - 3 potions of agility {unknown}
 s - 3 potions of cancellation
 t - a potion of mutation
 v - a potion of might {unknown}
 H - 3 potions of degeneration {unknown}
 I - a potion of magic {unknown}
 K - a potion of heal wounds {unknown}
 M - a potion of berserk rage
Comestibles
 d - 13 bread rations
 h - 5 meat rations
 n - 6 royal jellies
 B - 9 fruits


   Skills:
 + Level 7.9 Fighting
   Level 9.4(10.2) Short Blades
   Level 6.2(8.7) Long Blades
 * Level 5.4 Maces & Flails
 - Level 1.8 Throwing
 + Level 6.7 Dodging
 + Level 6.5 Stealth
 + Level 2.2 Shields
 + Level 0.6 Evocations


You had 10 spell levels left.
You didn't know any spells.

Dungeon Overview and Level Annotations

Branches:
Dungeon (10/15)            Temple (0/1) D:7
   Lair: D:8-11         Orc: D:9-12

Altars:
Ashenzari
Cheibriados
Gozag
Kikubaaqudgha
Okawaru
Vehumet
Zin

Shops:
D:4 %[*   D:8 }


Innate Abilities, Weirdness & Mutations

You can breathe blasts of fire.
Your fiery red scales are hard. (AC +7)
You cannot fit into any form of body armour.
Your flesh is heat resistant. (rF+)
You are cold-blooded and may be slowed by cold attacks.
Your tail ends in a poisonous barb.
You are covered in fur. (AC +1)
You are weak. (Str -2)


Message History

The fiery breath hits the shadow imp.
The shadow imp is almost dead.
The fiery breath misses the ogre.
You feel somewhat more hungry.
You hear a shout!
The ogre is engulfed in blazing flames.
The shadow imp gestures at you. Pain shoots through your body!
* * * LOW HITPOINT WARNING * * *
The shadow imp gestures at you. Pain shoots through your body!
* * * LOW HITPOINT WARNING * * *
You have got your breath back.
You whack the shadow imp!
Lightning courses through the shadow imp!
You kill the shadow imp!
Okawaru accepts your kill.
The orc priest looks braver for a moment.
The orc priest calls down the wrath of Beogh upon you.
Beogh smites you!
You die...

#..# #.<######
#.......#
##.####.#
#......#
#####..#
###..# #....#
##########
#@#.##
O..oo..o.#
#.#.#
########o#
#O#.# #)#
#.#.# ##.##
#.#.# #.o.###
#o#.# #...o.##
#.#.#
###....#.###.#
#.....###....#


You could see an ogre and an orc priest.

Vanquished Creatures
  A hydra (D:9)
  A two-headed ogre (D:10)
  The ghost of rogsnak the Destroyer, a novice DEAE of Vehumet (D:9)
  Pikel (D:5)
  The ghost of buttes the Arsonist, a novice VSFE of Cheibriados (D:7)
  Maurice (D:8)
  A centaur zombie (D:9)
  Grinder (D:2)
  The ghost of Likado the Spear-Bearer, an amateur MfSk (D:4)
  A hornet (D:6)
  Sigmund (D:3)
  Menkaure (D:6)
  Edmund (D:6)
  Duvessa (D:6)
  A water moccasin (D:6)
  2 orc warriors
  An ice beast (D:9)
  A necrophage (D:8)
  A sky beast (D:9)
  A hornet zombie (D:6)
  3 ogres
  A phantom (D:7)
  A centaur (D:8)
  2 crocodiles (D:10)
  7 bullfrogs
  Dowan (D:6)
  A scorpion (D:7)
  4 killer bees (D:10)
  3 howler monkeys (D:7)
  3 wights (D:6)
  3 vampire bats (D:6)
  2 crimson imps (D:9)
  A bullfrog zombie (D:9)
  Crazy Yiuf (D:2)
  3 hounds
  2 jellies
  8 orc priests
  3 bullfrog skeletons
  7 orc wizards
  A centaur skeleton (D:6)
  2 iguanas
  Ijyb (D:3)
  Terence (D:2)
  Natasha (twice) (D:2)
  4 worker ants
  A hound zombie (D:5)
  2 hound skeletons (D:4)
  3 worker ant zombies
  A howler monkey skeleton (D:5)
  11 adders
  3 shadow imps
  2 oozes
  An adder skeleton (D:8)
  A worm (D:2)
  2 dart slugs
  6 leopard geckos
  20 orcs
  7 bats
  2 bat skeletons (D:6)
  2 bat zombies (D:6)
  5 giant cockroaches
  9 goblins
  8 hobgoblins
  5 quokkas
  3 ball pythons
  A frilled lizard (D:2)
  A jackal zombie (D:5)
  7 kobolds
  2 leopard gecko skeletons
  A quokka skeleton (D:9)
  12 rats
  A bush (D:7)
207 creatures vanquished.

Vanquished Creatures (others)
  A slave (D:5)
1 creature vanquished.

Grand Total: 208 creatures vanquished

Notes
Turn   | Place    | Note
-------+----------+-------------------------------------------
     0 | D:1      | polly the Draconian Gladiator began the quest for the Orb.
     0 | D:1      | Reached XP level 1. HP: 17/17 MP: 1/1
    26 | D:1      | Reached XP level 2. HP: 18/24 MP: 2/2
   457 | D:1      | Reached XP level 3. HP: 30/30 MP: 3/3
   833 | D:2      | Noticed Terence
   857 | D:2      | Killed Terence
   920 | D:2      | Noticed Natasha
   929 | D:2      | Killed Natasha
   929 | D:2      | Reached XP level 4. HP: 12/37 MP: 4/4
  1329 | D:2      | Reached skill level 1 in Stealth
  1489 | D:2      | Found a runed door.
  1755 | D:2      | Noticed Crazy Yiuf
  1755 | D:2      | Noticed Natasha
  1769 | D:2      | Killed Natasha
  1769 | D:2      | Reached XP level 5. HP: 27/44 MP: 5/5
  1774 | D:2      | Killed Crazy Yiuf
  1774 | D:2      | Reached skill level 5 in Long Blades
  2075 | D:3      | Noticed Grinder
  2267 | D:3      | Paralysed by Grinder for 4 turns
  2283 | D:3      | Paralysed by Grinder for 3 turns
  2292 | D:3      | Paralysed by Grinder for 2 turns
  2471 | D:4      | Found Ipu Ixodgh's Assorted Antiques.
  2686 | D:4      | Noticed Likado's ghost (amateur MfSk)
  2934 | D:3      | Noticed Sigmund
  2947 | D:3      | Killed Sigmund
  2947 | D:3      | Reached XP level 6. HP: 34/51 MP: 6/6
  3152 | D:2      | Paralysed by Grinder for 3 turns
  3163 | D:2      | Killed Grinder
  3163 | D:2      | Reached skill level 1 in Short Blades
  3163 | D:2      | Your scales start taking on a fiery red colour.
  3163 | D:2      | Reached XP level 7. HP: 7/58 MP: 7/7
  3163 | D:2      | Gained mutation: Your flesh is heat resistant. (rF+) [Red Draconian growth]
  3592 | D:3      | Noticed Ijyb
  3607 | D:3      | Killed Ijyb
  3697 | D:3      | Found an opulent altar of Gozag.
  3697 | D:3      | Found an iron altar of Okawaru.
  3782 | D:3      | Became a worshipper of Warmaster Okawaru
  4088 | D:4      | Found Goclekug's Antique Armour Shop.
  4106 | D:4      | Bought a pair of embroidered boots for 202 gold pieces
  4189 | D:4      | Found Ifutepac's Food Emporium.
  4199 | D:4      | Found a snail-covered altar of Cheibriados.
  4327 | D:4      | Found a glowing silver altar of Zin.
  4477 | D:4      | Killed Likado's ghost
  4477 | D:4      | Reached skill level 3 in Short Blades
  4791 | D:5      | Entered Level 5 of the Dungeon
  4923 | D:5      | Noticed Pikel
  4948 | D:5      | Killed Pikel
  4948 | D:5      | Reached * piety under Okawaru
  4948 | D:5      | Reached skill level 5 in Short Blades
  4948 | D:5      | Reached XP level 8. HP: 42/67 MP: 8/8
  5499 | D:6      | Noticed Menkaure
  5512 | D:6      | Killed Menkaure
  5512 | D:6      | Reached ** piety under Okawaru
  5512 | D:6      | Reached skill level 5 in Fighting
  5535 | D:6      | Reached skill level 6 in Short Blades
  5535 | D:6      | Reached skill level 5 in Dodging
  5755 | D:6      | Noticed a hornet
  5769 | D:6      | Killed a hornet
  5805 | D:6      | Reached XP level 9. HP: 34/74 MP: 9/9
  6022 | D:6      | Noticed Edmund
  6023 | D:6      | Found an ancient bone altar of Kikubaaqudgha.
  6066 | D:6      | Killed Edmund
  6092 | D:6      | Noticed Dowan
  6093 | D:6      | Noticed Duvessa
  6113 | D:6      | Killed Duvessa
  6113 | D:6      | Reached skill level 7 in Short Blades
  6128 | D:6      | Killed Dowan
  6698 | D:6      | Found a shattered altar of Ashenzari.
  6760 | D:6      | Reached *** piety under Okawaru
  6989 | D:7      | Reached skill level 5 in Stealth
  7498 | D:7      | Found a staircase to the Ecumenical Temple.
  7542 | D:7      | Reached skill level 8 in Short Blades
  7585 | D:7      | Found a sand-covered staircase.
  7638 | D:7      | Noticed buttes's ghost (novice VSFE)
  7656 | D:7      | Killed buttes's ghost
  7916 | D:8      | Noticed Maurice
  8047 | D:8      | Killed Maurice
  8047 | D:8      | Reached XP level 10. HP: 84/84 MP: 10/10
  8081 | D:8      | Found Coanompeno's Gadget Shop.
  8261 | D:8      | Reached **** piety under Okawaru
  8388 | D:8      | Found a radiant altar of Vehumet.
  8726 | D:9      | Reached skill level 9 in Short Blades
  8879 | D:9      | Reached ***** piety under Okawaru
  9041 | D:4      | Bought a glowing shield for 195 gold pieces
  9247 | D:9      | Gained mutation: You have a pair of small antennae on your head. [potion of mutation]
  9247 | D:9      | Gained mutation: You have sharp fingernails. [potion of mutation]
  9255 | D:9      | Reached skill level 1 in Maces & Flails
  9255 | D:9      | HP: 4/86 [orc priest/divine providence (15)]
  9339 | D:9      | Noticed rogsnak's ghost (novice DEAE)
  9940 | D:9      | Killed rogsnak's ghost
  9940 | D:9      | Reached skill level 1 in Shields
 10028 | D:9      | Lost mutation: You have a pair of small antennae on your head. [potion of mutation]
 10028 | D:9      | Lost mutation: You have sharp fingernails. [potion of mutation]
 10028 | D:9      | Gained mutation: You are weak. (Str -2) [potion of mutation]
 10028 | D:9      | Gained mutation: You are covered in fur. (AC +1) [potion of mutation]
 10028 | D:9      | Gained mutation: Your tail ends in a poisonous barb. [potion of mutation]
 10126 | D:9      | Noticed a five-headed hydra
 10140 | D:9      | Killed a five-headed hydra
 10140 | D:9      | Received a gift from Okawaru
 10487 | D:10     | Entered Level 10 of the Dungeon
 10543 | D:10     | Noticed a two-headed ogre
 10568 | D:10     | Killed a two-headed ogre
 10568 | D:10     | Reached skill level 5 in Maces & Flails
 10568 | D:10     | Reached XP level 11. HP: 40/94 MP: 11/11
 10602 | D:10     | Killed from afar by an orc priest

Vault maps used:
D:1:      dpeg_arrival_ternary, kennysheep_decorative_pillar
D:2:      uniq_terence, uniq_natasha, uniq_crazy_yiuf_cottage
D:3:      chequers_temple_overflow_statue_of_worship, uniq_iyjb, uniq_sigmund,
          uniq_grinder
D:4:      lemuel_coloured_pillars_altar, cheibriados_altar_1, serial_shops,
          shop, shop, nicolae_shop_trees
D:5:      first_bread, uniq_pikel
D:6:      mumra_celtic_spiral_tile, kennysheep_vampire_church,
          nicolae_ashenzari_panopticon, uniq_duvessa, uniq_menkaure, uniq_edmund
D:7:      minmay_temple_entry_mist, nicolae_ossuary_entry_monument, the_bakery,
          corexii_leaking_fountain, minmay_hedge_maze
D:8:      lemuel_crystal_altar, serial_shops, shop, kennysheep_generic_room_10,
          uniq_maurice
D:9:      grunt_decor_one_mirror

Skill      XL: |  1  2  3  4  5  6  7  8  9 10 |
---------------+-------------------------------+-----
Dodging        | 3 4 5 6 |  6.7
Long Blades    | 4 5 6 |  6.2
Stealth        | 1 2 3 4 5 6 |  6.5
Fighting       | 3 4 5 6 7 |  7.9
Short Blades   | 1 5 6 8 9 |  9.4
Maces & Flails | 5 |  5.4
Shields        | 2 |  2.2
Throwing       | |  1.8
Evocations     | |  0.6

Action                   |  1- 3 |  4- 6 |  7- 9 | 10-12 || total
-------------------------+-------+-------+-------+-------++-------
Melee: Long sword        |    89 |   105 |       |       ||   194
       Tailslap          |     9 |    13 |    60 |    47 ||   129
       Rapier            |       |    22 |   416 |   108 ||   546
       Whip              |       |       |       |   132 ||   132
Throw: Throwing net      |       |     3 |       |       ||     3
 Abil: Breathe Fire      |       |       |     1 |     3 ||     4
Evoke: Wand              |       |       |     2 |     1 ||     3
  Use: Potion            |       |     1 |     1 |     9 ||    11
       Scroll            |       |       |       |    13 ||    13
 Stab: Sleeping          |     1 |     3 |    13 |     6 ||    23
       Held in net/web   |       |     1 |       |       ||     1
       Distracted        |       |       |       |     2 ||     2
  Eat: Chunk             |       |     7 |    12 |     9 ||    28
       Royal jelly       |       |       |     2 |       ||     2
Armor: Skin              |    30 |    37 |   133 |    68 ||   268
Dodge: Dodged            |    75 |    77 |   231 |   116 ||   499
Block: Shield            |       |       |       |    62 ||    62
       Rpst.: Long sword |    23 |    15 |       |       ||    38
